 Dungeon Crawl Stone Soup version 0.32-a0-913-g739538afd8 (webtiles) character file.

Game seed: 5133457636287174975

370 Jigsaw the Covert (level 6, -1/53 HPs)
             Began as a Gnoll Delver on Apr 8, 2024.
             Slain by a water moccasin (4 damage)
             ... on level 5 of the Dungeon.
             The game lasted 00:08:02 (2405 turns).

Jigsaw the Covert (Gnoll Delver)                    Turns: 2405, Time: 00:08:02

Health: -1/53      AC: 12    Str: 11    XL:     6   Next: 70%
Magic:  9/9        EV:  1    Int: 12    God:
Gold:   159        SH:  4    Dex: 13    Spells: 9/9 levels left

rFire   . . .        e - +2 flail (protect)
rCold   . . .        p - +0 buckler
rNeg    + + .        q - +0 plate armour
rPois   .            t - +0 helmet
rElec   .            (no cloak)
rCorr   .            (no gloves)
SInv    .            (no boots)
Will    .....        j - amulet of the acrobat Stlth
                     o - ring of positive energy
HPRegen 0.28/turn    r - ring of positive energy
MPRegen 0.11/turn

%: acrobat
@: lethally poisoned (-1 -> -9), on berserk cooldown
A: fangs 1, strong nose, distributed training
a: no special abilities


You were on level 5 of the Dungeon.
You visited 1 branch of the dungeon, and saw 5 of its levels.

You collected 159 gold pieces.

Inventory:

Hand Weapons
 e - a +2 flail of protection (weapon)
 x - a +2 antimagic flail
Missiles
 w - 3 boomerangs (quivered)
 y - 6 javelins
Armour
 p - a +0 buckler (worn)
 q - a +0 plate armour (worn)
 t - a +0 helmet (worn)
Jewellery
 j - an amulet of the acrobat (around neck)
 o - a ring of positive energy (left hand)
 r - a ring of positive energy (right hand)
Wands
 g - a wand of digging (3)
Scrolls
 c - a scroll of fog
 d - a scroll of revelation
 i - a scroll of poison
 l - 2 scrolls of fear
 n - a scroll of enchant armour {unknown}
 s - a scroll of noise {unknown}
 z - a scroll of amnesia {unknown}
Potions
 a - a potion of enlightenment
 f - a potion of haste
 k - 2 potions of ambrosia
 u - 2 potions of berserk rage
 v - a potion of might {unknown}


   Skills:
 + Level 6.9 Fighting
 + Level 5.1 Short Blades
 + Level 2.1 Long Blades
 + Level 2.1 Axes
 + Level 2.1 Maces & Flails
 + Level 2.1 Polearms
 + Level 2.1 Staves
 + Level 2.1 Ranged Weapons
 + Level 2.1 Throwing
 + Level 2.1 Armour
 + Level 5.1 Dodging
 + Level 9.8 Stealth
 + Level 2.1 Shields
 + Level 2.1 Unarmed Combat
 + Level 2.1 Spellcasting
 + Level 1.7 Conjurations
 + Level 1.7 Hexes
 + Level 1.7 Summonings
 + Level 1.7 Necromancy
 + Level 1.7 Translocations
 + Level 1.7 Fire Magic
 + Level 1.7 Ice Magic
 + Level 1.7 Air Magic
 + Level 1.7 Earth Magic
 + Level 1.7 Alchemy
 + Level 2.4 Invocations
 + Level 2.1 Evocations
 + Level 2.0 Shapeshifting


You had 9 spell levels left.
You didn't know any spells.
Your spell library contained the following spells:

 Spells                   Type           Power      Damage    Failure   Level
 Freeze                   Ice            20%        1d4       100%        1
 Sandblast                Erth           10%        2d5       100%        1
 Frozen Ramparts          Ice            10%        1d2       100%        3
 Hailstorm                Conj/Ice       5%         3d5       100%        3
 Stone Arrow              Conj/Erth      10%        3d7       100%        3
 Brom's Barrelling Bould  Conj/Erth      5%         2d3       100%        4


Dungeon Overview and Level Annotations

Branches:
Dungeon (5/15)
 Temple: D:4-7

Altars:

Portals:
Abyss: D:5

Annotations:
D:5 2 transporters, Heh's ghost, novice CoHW


Innate Abilities, Weirdness & Mutations

You have very sharp teeth.
Your uncanny sense of smell can sniff out nearby items.
Your experience applies equally to all skills.


Message History

You are no longer berserk.
You are exhausted.
You feel yourself slow down.
You feel sick.
The water moccasin attacks as it pursues you!
The water moccasin misses you.
It was a potion of curing.
You feel better.
You feel less invigorated. The water moccasin bites you!
You are poisoned.
The water moccasin poisons you!
The water moccasin bites you but does no damage.
You miss the water moccasin.
The water moccasin is heavily wounded.
You feel very sick. The water moccasin barely misses you.
The water moccasin bites you but does no damage.
You barely miss the water moccasin.
The water moccasin is heavily wounded.
You feel very sick. The water moccasin bites you.
The water moccasin bites you but does no damage.
The water moccasin bites you.
* * * LOW HITPOINT WARNING * * *
You are lethally poisoned!
The water moccasin poisons you!
It was a potion of invisibility.
You fade into invisibility!
* * * LOW HITPOINT WARNING * * *
You feel very sick.
The water moccasin bites you but does no damage. x2
It was a potion of cancellation.
Your magical effects are unravelling.
You feel magically purged.
You feel yourself speed up.
You float gracefully downwards.
You flicker back into view.
Your enlightenment fades.
* * * LOW HITPOINT WARNING * * *
You feel very sick.
The water moccasin bites you but does no damage.
The water moccasin bites you.
You die...

.# #.# ####..###...#
.# #.# #............
## #.# #............
#.# #....©......#
#...###....##
#...#x##..##. ∆
#...#..#..#W.
#.#######..##.##..##.
#...@S.....#..##...##
#######.#..##..##....
#.#..###. ###.#
#.....# ## ##......
©. ##....## ## ....##
...##


You could see a water moccasin.

Vanquished Creatures
  A scorpion (D:5)
  A jelly (D:5)
  A hound (D:4)
  Jessica (D:2)
  3 orc wizards
  Robin (D:2)
  5 adders
  A white imp (D:4)
  3 dart slugs
  9 orcs
  6 bats
  6 endoplasms
  6 giant cockroaches
  11 goblins
  6 hobgoblins
  2 jackals (D:2)
  5 kobolds
  2 quokkas (D:3)
  A ball python (D:2)
  A frilled lizard (D:2)
  4 rats
76 creatures vanquished.

Notes
Turn   | Place    | Note
-------+----------+-------------------------------------------
     0 | D:5      | Reached skill level 9 in Stealth
     0 | D:5      | Jigsaw the Gnoll Delver began the quest for the Orb.
     0 | D:5      | Reached XP level 1. HP: 23/23 MP: 1/1
    35 | D:5      | Found a transporter.
    51 | D:5      | Noticed a jelly
    74 | D:4      | Noticed an orc wizard
    78 | D:4      | Killed an orc wizard
    79 | D:4      | Reached XP level 2. HP: 12/29 MP: 2/2
    79 | D:4      | Reached XP level 3. HP: 15/35 MP: 3/3
   273 | D:4      | Reached skill level 1 in Invocations
   279 | D:4      | Reached skill level 1 in Long Blades
   279 | D:4      | Reached skill level 1 in Axes
   279 | D:4      | Reached skill level 1 in Maces & Flails
   279 | D:4      | Reached skill level 1 in Polearms
   279 | D:4      | Reached skill level 1 in Staves
   279 | D:4      | Reached skill level 1 in Ranged Weapons
   279 | D:4      | Reached skill level 1 in Throwing
   279 | D:4      | Reached skill level 1 in Armour
   279 | D:4      | Reached skill level 1 in Shields
   279 | D:4      | Reached skill level 1 in Unarmed Combat
   279 | D:4      | Reached skill level 1 in Spellcasting
   279 | D:4      | Reached skill level 1 in Evocations
   279 | D:4      | Reached skill level 1 in Shapeshifting
   279 | D:4      | Reached XP level 4. HP: 31/41 MP: 5/5
   379 | D:4      | Reached skill level 1 in Conjurations
   379 | D:4      | Reached skill level 1 in Hexes
   379 | D:4      | Reached skill level 1 in Summonings
   379 | D:4      | Reached skill level 1 in Necromancy
   379 | D:4      | Reached skill level 1 in Translocations
   379 | D:4      | Reached skill level 1 in Fire Magic
   379 | D:4      | Reached skill level 1 in Ice Magic
   379 | D:4      | Reached skill level 1 in Air Magic
   379 | D:4      | Reached skill level 1 in Earth Magic
   379 | D:4      | Reached skill level 1 in Alchemy
   630 | D:2      | Noticed Robin
   636 | D:2      | Killed Robin
   644 | D:2      | Reached XP level 5. HP: 25/47 MP: 5/7
  1545 | D:2      | Noticed Jessica
  1563 | D:2      | Killed Jessica
  2035 | D:3      | Reached XP level 6. HP: 48/53 MP: 8/8
  2192 | D:4      | Reached skill level 5 in Short Blades
  2192 | D:4      | Reached skill level 5 in Dodging
  2275 | D:5      | Found a one-way gate to the infinite horrors of the Abyss.
  2275 | D:5      | Noticed Heh's ghost (novice CoHW)
  2364 | D:5      | Found a transporter.
  2382 | D:5      | Noticed a water moccasin
  2392 | D:5      | HP: 1/53 [water moccasin (7)]
  2405 | D:5      | Slain by a water moccasin

Illustrated notes

Levels and vault maps discovered:
D:1:      zelgadis_glass_arrival_small, layout_loops_ring, minivault_11
D:2:      layout_rooms, uniq_jessica, uniq_robin
D:3:      layout_basic
D:4:      layout_basic, minmay_temple_entry_antechambers, nicolae_titane
D:5:      layout_loops_ring, gammafunk_ghost_abyssal_escape

Skill      XL: |  1  2  3  4  5  6 |
---------------+-------------------+-----
Stealth        | |  9.8
Invocations    | 1 2 |  2.4
Long Blades    | 1 2 |  2.1
Axes           | 1 2 |  2.1
Maces & Flails | 1 2 |  2.1
Polearms       | 1 2 |  2.1
Staves         | 1 2 |  2.1
Ranged Weapons | 1 2 |  2.1
Throwing       | 1 2 |  2.1
Armour         | 1 2 |  2.1
Shields        | 1 2 |  2.1
Unarmed Combat | 1 2 |  2.1
Spellcasting   | 1 2 |  2.1
Evocations     | 1 2 |  2.1
Shapeshifting  | 1 2 |  2.0
Conjurations   | 1 |  1.7
Hexes          | 1 |  1.7
Summonings     | 1 |  1.7
Necromancy     | 1 |  1.7
Translocations | 1 |  1.7
Fire Magic     | 1 |  1.7
Ice Magic      | 1 |  1.7
Air Magic      | 1 |  1.7
Earth Magic    | 1 |  1.7
Alchemy        | 1 |  1.7
Short Blades   | 5 |  5.1
Dodging        | 5 |  5.1
Fighting       | |  6.9

Action                     |  1- 3 |  4- 6 || total
---------------------------+-------+-------++-------
  Melee: Short sword       |    30 |       ||    30
         Flail             |    11 |   211 ||   222
         Bite              |     2 |    11 ||    13
    Use: Scroll            |     2 |       ||     2
         Potion            |       |     6 ||     6
   Stab: Sleeping          |     1 |     4 ||     5
 Armour: Leather armour    |    21 |     1 ||    22
         Chain mail        |       |    60 ||    60
         Plate armour      |       |   192 ||   192
  Dodge: Dodged            |    27 |    49 ||    76
  Block: Buckler           |       |    28 ||    28

Table legend: (Time is in decaauts)
 A = Elapsed time spent in this place.
 B = Non-inter-level travel time spent in this place.
 C = Inter-level travel time spent in this place.
 D = Time resting spent in this place.
 E = Time spent auto-exploring this place.
 F = Levels seen in this place.
 G = Mean time per level.
                   A        B        C        D        E       F      G
               +--------+--------+--------+--------+--------+-----+--------+
         Total |   2483 |   2342 |    141 |    129 |   1401 |   5 |  496.6 |
       Dungeon |   2483 |   2342 |    141 |    129 |   1401 |   5 |  496.6 |
               +--------+--------+--------+--------+--------+-----+--------+

Top non-repeatable levels by time:
     D:1: 675 daAuts
     D:2: 605 daAuts
     D:4: 505 daAuts
     D:3: 491 daAuts
     D:5: 206 daAuts
